 Dungeon Crawl Stone Soup version 0.27.1-33-g824d729ab1 (webtiles) character file.

Game seed: 5250803172927083008

5191 safid the Cleaver (level 10, -1/77 HPs)
             Began as a Hill Orc Fighter on Dec 14, 2021.
             Was a Believer of Beogh.
             Blown up by Maurice (31 damage)
             ... with a mindburst bolt
             ... on level 9 of the Dungeon.
             The game lasted 00:24:09 (9928 turns).

safid the Cleaver (Hill Orc Fighter)                Turns: 9928, Time: 00:24:10

Health: -1/77      AC: 11    Str: 23    XL:     10   Next: 60%
Magic:  10/10      EV: 10    Int: 14    God:    Beogh [**....]
Gold:   221        SH: 17    Dex:  6    Spells: 9/9 levels left

rFire    . . .     SeeInvis .   E - +2 war axe (vamp)
rCold    . . .     Faith    .   c - +0 kite shield
rNeg     + + +     Spirit   .   B - +2 ring mail {rPois}
rPois    +         Reflect  +   v - +0 helmet
rElec    +         Harm     .   (no cloak)
rCorr    +         Rampage  .   (no gloves)
Will     .....                  C - +1 pair of boots
Stlth    ..........             F - amulet of reflection
HPRegen  0.22/turn              f - ring of Myfiocio {rElec rN+++ Int+6 Dex-4}
MPRegen  0.12/turn              y - ring of resist corrosion

@: no status effects
A: no striking features
a: Renounce Religion, Smiting


You were on level 9 of the Dungeon.
You worshipped Beogh.
Beogh was pleased with you.
You visited 2 branches of the dungeon, and saw 10 of its levels.

You collected 481 gold pieces.
You spent 260 gold pieces at shops.

Inventory:

Hand Weapons
 E - a +2 vampiric war axe (weapon)
Missiles
 i - 7 datura-tipped darts
 k - 20 poisoned darts (quivered)
 D - 3 throwing nets
Armour
 c - a +0 kite shield (worn)
 v - a +0 helmet (worn)
 B - a +2 ring mail of poison resistance (worn)
 C - a +1 pair of boots (worn)
Jewellery
 f - the ring of Myfiocio (left hand) {rElec rN+++ Int+6 Dex-4}
   (You found it on level 8 of the Dungeon)

   [ring of intelligence]

   Int:       It affects your intelligence (+6).
   Dex:       It affects your dexterity (-4).
   rElec:     It insulates you from electricity.
   rN:        It renders you almost immune to negative energy.
 s - a ring of protection from fire
 w - an amulet of the acrobat
 y - a ring of resist corrosion (right hand)
 F - an amulet of reflection (around neck)
Wands
 d - a wand of iceblast (8)
 e - a wand of charming (11)
 t - a wand of flame (34)
 z - a wand of mindburst (6)
 G - a wand of acid (6)
Scrolls
 a - a scroll of magic mapping
 g - 2 scrolls of enchant weapon
 h - a scroll of fog
 j - 3 scrolls of fear
 l - a scroll of teleportation
 n - a scroll of holy word {unknown}
 r - a scroll of silence {unknown}
 A - a scroll of noise {unknown}
Potions
 b - a potion of degeneration {unknown}
 m - 3 potions of heal wounds
 o - a potion of curing
 p - a potion of ambrosia
 q - 2 potions of haste
 u - 2 potions of flight {unknown}
 x - a potion of magic {unknown}
 H - a potion of mutation {unknown}


   Skills:
 - Level 3.6 Fighting
 + Level 13.8 Axes
 - Level 3.2 Armour
 + Level 12.1 Shields


You had 9 spell levels left.
You didn't know any spells.
Your spell library contained the following spells:

 Spells                   Type           Power      Damage    Failure   Level
 Animate Skeleton         Necr           0%         N/A       54%         1
 Pain                     Necr           0%         1d4       54%         1
 Slow                     Hex            0%         N/A       69%         2
 Confusing Touch          Hex            0%         N/A       89%         3
 Vampiric Draining        Necr           0%         2d6       89%         3
 Hailstorm                Conj/Ice       0%         3d3       100%        4
 Ice Form                 Ice/Tmut       0%         N/A       100%        4
 Simulacrum               Ice/Necr       0%         N/A       100%        6
 Chain Lightning          Conj/Air       0%         N/A       100%        9
 Fire Storm               Conj/Fire      0%         5d1       100%        9


Dungeon Overview and Level Annotations

Branches:
Dungeon (9/15)             Temple (1/1) D:4            Lair (0/6) D:8
    Orc: D:9-12

Altars:
Ashenzari
Cheibriados
Fedhas
Gozag
Hepliaklqana
Kikubaaqudgha
Makhleb
Nemelex Xobeh
Okawaru
Qazlal
Ru
Sif Muna
Trog
Uskayaw
Vehumet
Wu Jian
Xom
Yredelemnul
Zin
The Shining One

Shops:
D:9 *!

Annotations:
D:9 Maurice


Message History

Maurice casts a spell.
Maurice puts on a burst of speed!
Throw: 25 darts (poison)
Press: ? - help, Q - select action, (/) - cycle Shift-Dir - straight line, f/p - Maurice
Aim: Maurice, wielding a +0 dagger, wearing a +0 cloak and carrying a wand of mindburst (20) (covering ground quickly, 38% to hit)
You throw a poisoned dart. The poisoned dart hits Maurice.
Maurice is poisoned.
Maurice zaps a wand.
Your mind is blasted!
Throw: 24 darts (poison)
Press: ? - help, Q - select action, (/) - cycle Shift-Dir - straight line, f/p - Maurice
Aim: Maurice, wielding a +0 dagger, wearing a +0 cloak and carrying a wand of mindburst (19) (lightly wounded, covering ground quickly, poisoned, 38% to hit)
You throw a poisoned dart. The poisoned dart hits Maurice.
Maurice looks even sicker.
Maurice is lightly wounded.
Maurice drinks a potion.
Maurice suddenly seems more resistant.
Throw: 23 darts (poison)
Press: ? - help, Q - select action, (/) - cycle Shift-Dir - straight line, f/p - Maurice
Aim: Maurice, wielding a +0 dagger, wearing a +0 cloak and carrying a wand of mindburst (19) (lightly wounded, covering ground quickly, unusually resistant, very poisoned, 38% to hit)
You throw a poisoned dart. The poisoned dart hits Maurice.
Maurice is lightly wounded.
Throw: 22 darts (poison)
Press: ? - help, Q - select action, (/) - cycle Shift-Dir - straight line, f/p - Maurice
Aim: Maurice, wielding a +0 dagger, wearing a +0 cloak and carrying a wand of mindburst (19) (lightly wounded, covering ground quickly, unusually resistant, very poisoned, 38% to hit)
You throw a poisoned dart. The poisoned dart misses Maurice.
Maurice zaps a wand.
Your mind is blasted!
Throw: 21 darts (poison)
Press: ? - help, Q - select action, (/) - cycle Shift-Dir - straight line, f/p - Maurice
Aim: Maurice, wielding a +0 dagger, wearing a +0 cloak and carrying a wand of mindburst (18) (lightly wounded, covering ground quickly, unusually resistant, very poisoned, 38% to hit)
You throw a poisoned dart. The poisoned dart hits Maurice.
Maurice is lightly wounded.
Maurice gestures wildly while chanting.
Maurice flickers and vanishes!
Deactivating autopickup; reactivate with Ctrl-A.
There is an open door here.
You see here a yak corpse.
You see here a howler monkey corpse.
You hear a zap.
Your mind is blasted!
You hear a zap.
Your mind is blasted!
You die...

........#..### #.
.............### #.
........#......### #.
........#'#......### #.
........#.###......### #.
........#...###......### #.
........###.†)###......#+#.
#######.#.###†..###......#.
+.#.@.##..##......##.
#.###..{.##......###.
+.#.##..##......## #.
#....##......## #.
##..##......## #.
#..##......## #.
#.##......## #. ###......##
#. ##......## #.


There were no monsters in sight!

Vanquished Creatures
  Harold (D:7)
  2 centaur zombies
  A komodo dragon (D:8)
  A hornet (D:8)
  A yak (D:9)
  Edmund (D:4)
  3 water moccasins
  Duvessa (D:6)
  3 black bears
  3 orc warriors
  A hornet zombie (D:8)
  A necrophage (D:7)
  An ogre (D:4)
  A centaur (D:8)
  A phantom (D:7)
  2 kobold brigands
  A gnoll sergeant (D:8)
  5 bullfrogs
  Dowan (D:6)
  2 scorpions (D:5)
  5 wights (D:9)
  2 howler monkeys
  A jelly (D:3)
  A bullfrog zombie (D:7)
  2 hounds
  5 orc priests
  2 centaur skeletons
  4 orc wizards
  3 iguanas
  Natasha (thrice) (D:4)
  2 howler monkey zombies (D:6)
  18 gnolls
  5 adders
  2 shadow imps (D:5)
  2 ufetubi
  2 adder skeletons (D:4)
  A worm (D:3)
  A dart slug (D:5)
  36 orcs
  6 endoplasms
  A giant cockroach (D:1)
  7 hobgoblins
  10 kobolds
  4 quokkas
  7 ball pythons
  4 bats
  A frilled lizard (D:3)
  6 goblins
  4 rats
180 creatures vanquished.

Vanquished Creatures (collateral kills)
  A water moccasin skeleton (D:5)
  A gnoll (D:5)
2 creatures vanquished.

Vanquished Creatures (others)
  An orc (D:5)
  29 plants
30 creatures vanquished.

Grand Total: 212 creatures vanquished

Notes
Turn   | Place    | Note
-------+----------+-------------------------------------------
     0 | D:1      | safid the Hill Orc Fighter began the quest for the Orb.
     0 | D:1      | Reached XP level 1. HP: 19/19 MP: 1/1
   129 | D:1      | Reached skill level 3 in Axes
   131 | D:1      | Reached XP level 2. HP: 21/26 MP: 2/2
   659 | D:1      | Reached XP level 3. HP: 25/31 MP: 3/3
   892 | D:1      | Found a faded altar of an unknown god.
  1242 | D:2      | Reached skill level 4 in Axes
  1314 | D:2      | Reached XP level 4. HP: 25/39 MP: 4/4
  1897 | D:3      | Found a broken altar of Ashenzari.
  1966 | D:3      | Reached skill level 5 in Axes
  1968 | D:3      | Reached XP level 5. HP: 28/45 MP: 5/5
  2407 | D:3      | Reached skill level 5 in Shields
  2803 | D:4      | Noticed an ogre
  2809 | D:4      | Killed an ogre
  2810 | D:4      | Reached skill level 6 in Axes
  2810 | D:4      | Reached XP level 6. HP: 51/51 MP: 6/6
  3122 | D:4      | Noticed Natasha
  3129 | D:4      | Killed Natasha
  3178 | D:4      | Noticed Natasha
  3183 | D:4      | Killed Natasha
  3521 | D:4      | Became a worshipper of Beogh the Brigand
  3597 | D:4      | Noticed Natasha
  3606 | D:4      | Killed Natasha
  3755 | D:4      | Found a staircase to the Ecumenical Temple.
  3990 | D:4      | Noticed Edmund
  4006 | D:4      | Killed Edmund
  4007 | D:4      | Reached skill level 7 in Axes
  4007 | D:4      | Reached XP level 7. HP: 57/57 MP: 7/7
  4324 | Temple   | Entered the Ecumenical Temple
  4470 | D:5      | Entered Level 5 of the Dungeon
  4654 | D:5      | Reached skill level 8 in Axes
  5168 | D:5      | Reached skill level 9 in Axes
  5168 | D:5      | Reached XP level 8. HP: 57/64 MP: 8/8
  5626 | D:5      | Reached * piety under Beogh
  5895 | D:6      | Reached skill level 10 in Axes
  6092 | D:6      | Noticed Duvessa
  6103 | D:6      | Noticed Dowan
  6104 | D:6      | Killed Duvessa
  6110 | D:6      | Killed Dowan
  6284 | D:6      | Reached XP level 9. HP: 70/70 MP: 9/9
  7085 | D:7      | Reached skill level 11 in Axes
  7379 | D:7      | Found a sparkling altar of Nemelex Xobeh.
  7379 | D:7      | Found an ancient bone altar of Kikubaaqudgha.
  7379 | D:7      | Found a glowing golden altar of the Shining One.
  7400 | D:7      | Found a glowing silver altar of Zin.
  7554 | D:7      | Noticed Harold
  7567 | D:7      | Reached skill level 10 in Shields
  7823 | D:7      | Killed Harold
  7824 | D:7      | Reached skill level 12 in Axes
  8576 | D:8      | Identified the ring of Myfiocio {rElec rN+++ Int+6 Dex-4}
  8614 | D:8      | Reached XP level 10. HP: 74/77 MP: 10/10
  8893 | D:8      | Reached ** piety under Beogh
  8903 | D:8      | Reached skill level 13 in Axes
  9007 | D:8      | Found a staircase to the Lair.
  9664 | D:9      | Found Aphezipaxt's General Store.
  9761 | D:9      | Found Qaolegez's Distillery.
  9781 | D:9      | Bought a potion of heal wounds for 65 gold pieces
  9781 | D:9      | Bought a potion of haste for 130 gold pieces
  9781 | D:9      | Bought a potion of heal wounds for 65 gold pieces
  9910 | D:9      | Noticed Maurice
  9928 | D:9      | Blown up by Maurice

Illustrated notes

Levels and vault maps discovered:
D:1:      mrwooster_arrival_statue, layout_loops_ring,
          chequers_ecumenical_altar_lobes, minmay_shallow_snake_nest
D:2:      layout_rooms
D:3:      layout_loops_ring, mainiacjoe_overflow_alcove_1, serial_forest,
          infiniplex_forest_straight_2, infiniplex_forest_end_3,
          infiniplex_forest_straight_2, infiniplex_forest_clump_large,
          solitary_fountain, kennysheep_boxes
D:4:      layout_loops_corners, minmay_temple_entry_glassed_door, uniq_natasha,
          uniq_edmund
D:5:      layout_cave_pods
D:6:      layout_basic, grunt_decor_junction, uniq_duvessa
D:7:      layout_basic, grunt_temple_overflow_cloverleaf, moated_statue,
          uniq_harold
D:8:      layout_layer_cave, david_lair_shrubbed
D:9:      minmay_razor_zed, layout_irregular_city, serial_shops,
          nicolae_square_shop, shop, serial_bayou_pond_c, uniq_maurice
Temple:   regret_index_temple_waves

Skill      XL: |  1  2  3  4  5  6  7  8  9 10 |
---------------+-------------------------------+-----
Axes           | 3 4 5 6 7 9 10 12 13 | 13.8
Shields        | 4 5 6 8 9 11 12 | 12.1
Fighting       | |  3.6
Armour         | |  3.2

Action                   |  1- 3 |  4- 6 |  7- 9 | 10-12 || total
-------------------------+-------+-------+-------+-------++-------
Melee: War axe           |    67 |   163 |   265 |   138 ||   633
Throw: Dart              |       |     2 |    15 |     6 ||    23
Invok: Convert to Beogh  |       |     1 |       |       ||     1
  Use: Potion            |       |     2 |     3 |       ||     5
       Scroll            |       |       |    10 |     1 ||    11
Armor: Scale mail        |    26 |    58 |    63 |       ||   147
       Ring mail         |       |       |    22 |    37 ||    59
Dodge: Dodged            |    17 |    49 |    90 |    26 ||   182
Block: Kite shield       |    38 |    81 |   149 |   104 ||   372
       Reflection        |       |       |       |     6 ||     6
